Map: 사이버 포레스트 - 래더

Players

soO

  • Race: Zerg Zerg
  • League: Master
  • Spawn Location: 5:00

TSGSolar (Solar) - Winner!

  • Race: Zerg Zerg
  • League: Diamond
  • Spawn Location: 11:00

Event: 2019 Assembly Summer

VOD

Have the link to the VOD?

Description

Time

  • Played on: Aug. 2, 2019, 5:52 a.m.
  • Length: 8:14

All games in this series

Show
View Real Time Build Order
Export as new Build Order

soO Zerg 

Build Orders: Pool First 

Get SALT Encoding   

  12  0:17  Spawning Pool  
  11  0:22  Drone  
  11  0:27  Drone  
  13  0:32  Drone  
  14  0:39  Overlord  
  14  1:03  Zergling x2  
  14  1:04  Zergling x2  
  16  1:05  Zergling x2  
  17  1:15  Zergling x2  
  17  1:18  Hatchery  
  17  1:26  Zergling x2  
  18  1:33  Queen  
  18  1:38  Zergling x2  
  21  1:47  Overlord  
  21  1:58  Drone  
  22  2:10  Drone, Queen  
  26  2:22  Drone  
  26  2:32  Drone  
  26  2:34  Queen  
  26  2:36  Drone  
  30  2:41  Drone x2  
  33  2:44  Drone x2  
  33  2:52  Queen  
  33  2:57  Overlord  
  35  3:01  Drone  
  36  3:16  Drone  
  36  3:17  Drone x3  
  36  3:18  Drone x2  
  42  3:20  Drone  
  42  3:23  Drone  
  44  3:28  Drone, Extractor x2  
  44  3:29  Drone  
  44  3:38  Overlord  
  44  3:47  Overlord  
  44  3:56  Drone x2, Evolution Chamber  
  44  3:57  Drone x3  
  44  3:58  Drone, Roach Warren  
  44  4:01  Drone x2  
  50  4:05  Drone x2  
  52  4:13  Lair  
  52  4:14  Drone  
  53  4:17  Drone, Extractor  
  53  4:20  Drone x2  
  55  4:28  Evolution Chamber  
  49  4:35  Zerg Missile Weapons Level 1  
  49  4:37  Roach  
  51  4:41  Roach  
  51  4:43  Overlord  
  53  4:46  Roach  
  53  4:47  Roach  
  53  4:52  Roach  
  60  4:54  Overlord  
  60  4:55  Overlord  
  60  4:59  Overlord  
  60  5:10  Roach x3  
  66  5:17  Hatchery  
  66  5:19  Glial Reconstitution  
  65  5:22  Drone  
  65  5:23  Drone  
  65  5:25  Drone  
  68  5:33  Roach x5  
  78  5:39  Roach  
  78  5:40  Roach  
  82  5:49  Roach x2  
  86  5:56  Roach x3  
  92  5:59  Overlord  
  92  6:01  Overlord  
  92  6:06  Overseer  
  92  6:11  Overlord  
  92  6:12  Overlord  
  96  6:18  Roach x2  
  96  6:25  Roach x4  
  104  6:31  Roach  
  106  6:37  Roach x2  
  110  6:40  Roach  
  110  6:41  Roach x3  
  118  6:47  Roach x2  
  122  6:55  Roach x4  
  130  7:01  Overlord  
  130  7:02  Overlord  
  130  7:04  Overlord  
  130  7:08  Overlord  
  130  7:17  Roach  
  130  7:18  Roach x3  
  130  7:21  Roach  
  130  7:22  Roach x2  
  110  7:30  Roach x3  
  110  7:31  Roach  
  110  7:33  Roach  
  90  7:37  Drone, Roach  
  90  7:38  Drone  
  90  7:42  Roach  
  84  7:49  Roach x2  
  88  7:51  Roach  
Show
View Real Time Build Order
Export as new Build Order

TSGSolar Zerg - Winner!

Build Orders: Hatch First 

Get SALT Encoding   

  12  0:01  Drone  
  13  0:12  Overlord  
  13  0:16  Drone  
  14  0:31  Drone x2  
  16  0:48  Hatchery  
  15  0:51  Drone  
  15  0:55  Drone  
  17  1:09  Spawning Pool  
  17  1:10  Extractor  
  15  1:14  Drone  
  15  1:17  Drone  
  17  1:21  Drone  
  18  1:28  Drone  
  19  1:55  Zergling x4  
  19  2:00  Zergling x2, Queen  
  19  2:01  Queen, Zergling x2  
  27  2:11  Zergling x2  
  28  2:24  Overlord  
  28  2:35  Drone  
  28  2:44  Drone x2  
  28  2:47  Drone  
  28  2:49  Overlord  
  31  2:55  Drone  
  32  3:01  Drone, Metabolic Boost  
  33  3:06  Drone x2  
  33  3:12  Drone x2  
  37  3:14  Zergling x2  
  37  3:17  Zergling x2  
  39  3:20  Zergling x2  
  39  3:24  Overlord  
  40  3:27  Drone  
  41  3:40  Hatchery  
  39  3:41  Drone  
  39  3:43  Zergling x2  
  41  3:49  Drone x3  
  41  3:52  Drone  
  45  3:58  Drone, Evolution Chamber  
  45  3:59  Drone  
  45  4:02  Overlord  
  46  4:05  Drone  
  46  4:07  Drone  
  48  4:12  Overlord  
  48  4:18  Drone x3  
  51  4:25  Zerg Missile Weapons Level 1, Roach Warren  
  51  4:28  Drone, Extractor  
  51  4:29  Extractor  
  51  4:30  Drone  
  48  4:32  Drone  
  48  4:35  Drone x2  
  48  4:37  Drone  
  52  4:38  Drone  
  53  4:46  Queen  
  53  4:48  Drone  
  53  4:50  Drone x2  
  53  4:52  Overlord  
  58  4:57  Lair  
  58  5:01  Drone x2  
  58  5:05  Roach x2  
  63  5:07  Extractor  
  63  5:08  Drone  
  63  5:09  Drone  
  63  5:11  Roach  
  63  5:12  Drone  
  67  5:15  Drone  
  67  5:17  Roach  
  69  5:23  Roach x2  
  69  5:24  Roach  
  69  5:26  Overlord  
  73  5:31  Roach x2  
  73  5:35  Roach x2  
  79  5:37  Roach  
  79  5:40  Overlord  
  81  5:45  Roach  
  81  5:47  Roach x2  
  87  5:50  Overlord  
  87  5:52  Roach  
  87  5:55  Overseer  
  87  5:56  Glial Reconstitution  
  89  5:57  Overlord  
  89  5:59  Drone  
  89  6:02  Roach  
  92  6:05  Roach x2  
  92  6:10  Roach  
  92  6:11  Roach  
  100  6:14  Overlord  
  100  6:16  Roach x2  
  104  6:18  Overlord  
  104  6:24  Roach x3  
  110  6:27  Overlord  
  110  6:31  Overlord  
  110  6:32  Roach  
  112  6:34  Roach  
  112  6:35  Overseer  
  114  6:41  Roach x2  
  114  6:42  Roach  
  114  6:44  Roach  
  126  6:47  Roach x2  
  126  6:50  Overlord  
  126  6:52  Roach  
  128  6:55  Roach  
  130  7:03  Roach x3  
  130  7:04  Roach  
  130  7:06  Overlord  
  138  7:09  Roach x2  
  140  7:16  Roach x2  
  140  7:17  Roach  
  140  7:18  Roach  
  140  7:20  Roach  
  140  7:21  Roach  
  134  7:22  Roach  
  134  7:24  Roach  
  134  7:26  Roach  
  124  7:30  Roach  
  124  7:31  Roach  
  124  7:33  Roach  
  124  7:35  Roach  
  122  7:38  Roach  
  122  7:39  Extractor  
  117  7:45  Roach  
  117  7:47  Drone x2  
  121  7:53  Drone  
  116  8:11  Ravager  
  116  8:12  Ravager  
Tags
 
Add a new tag
Caveats
  • Supply blocks, unpowered buildings, or Contaminate may cause inaccurate times.
  • Supply counts are checked every 10 seconds.